[ AOE2 MATCH · #506522651 ]
UnrankedSlavs vs Muisca
Player's team · WIN
Rival team · LOSS
[ REPLAY ANALYSIS · EXTRACTED FROM THE RECORDED GAME ]
Feudal
8:01
Castle
13:45
Imperial
29:09
| APM avg | 44.8 |
| APM peak | 99 |
| eAPM avg | 22.4 |
| Villagers / military | 170 / 80 |
Focus
⚔️ 35.7% · 🌾 64.3%
Boyar ×39 · Scout Cavalry ×15 · Militia ×9 · Mangonel ×8 · Trebuchet (Packed) ×6 · Knight ×3
Feudal
10:26
Castle
15:46
Imperial
38:55
| APM avg | 42.3 |
| APM peak | 83 |
| eAPM avg | 24.6 |
| Villagers / military | 137 / 180 |
Focus
⚔️ 47.2% · 🌾 52.8%
Archer ×142 · Unknown (2586) ×38 · Fishing Ship ×21 · Battering Ram ×16 · Petard ×15 · Unknown (2550) ×12
Match map
Initial resources + every placement click. Lines = walls · curves = elevation contours. ◆ gold · ⬟ stone · ● berries · ✦ relic · ◌ wall gap
Your base· Open — 4t gap
[TSU] I-am-the-1AW's base· Open — 8t gap
Smoothed initial terrain · ◌ = detected wall gap · hover for details
Inputs per minute
— Titanius - - [TSU] I-am-the-1AW
Build order — Titanius
First 150 of 447 actions detected
| 0:00 | Queue | Villager (Male) |
| 0:01 | Queue | Villager (Male) |
| 0:02 | Build | House |
| 0:04 | Build | House |
| 0:13 | Queue | Villager (Male) |
| 0:13 | Queue | Villager (Male) |
| 0:13 | Queue | Villager (Male) |
| 0:34 | Queue | Villager (Male) |
| 1:26 | Queue | Villager (Male) |
| 1:26 | Queue | Villager (Male) |
| 1:32 | Queue | Villager (Male) |
| 1:58 | Queue | Villager (Male) |
| 1:58 | Queue | Villager (Male) |
| 1:58 | Queue | Villager (Male) |
| 2:19 | Build | Lumber Camp |
| 2:19 | Queue | Villager (Male) |
| 2:51 | Queue | Villager (Male) |
| 2:51 | Queue | Villager (Male) |
| 3:08 | Queue | Villager (Male) |
| 3:08 | Queue | Villager (Male) |
| 3:36 | Queue | Villager (Male) |
| 3:36 | Queue | Villager (Male) |
| 4:17 | Queue | Villager (Male) |
| 4:30 | Queue | Militia |
| 4:30 | Queue | Militia |
| 4:47 | Build | Mining Camp |
| 5:04 | Build | House |
| 5:21 | Research | Feudal Age |
| 5:23 | Research | Loom |
| 5:24 | Research | Feudal Age |
| 5:29 | Queue | Militia |
| 5:35 | Build | House |
| 5:39 | Build | Mill |
| 5:52 | Queue | Militia |
| 6:04 | Build | House |
| 6:15 | Build | House |
| 6:18 | Build | Palisade Wall |
| 6:29 | Build | Palisade Wall |
| 6:32 | Build | Palisade Wall |
| 6:41 | Queue | Militia |
| 7:03 | Build | Palisade Wall |
| 7:04 | Build | Palisade Wall |
| 7:07 | Queue | Militia |
| 7:13 | Build | House |
| 7:16 | Build | Palisade Wall |
| 7:26 | Queue | Villager (Male) |
| 7:38 | Build | House |
| 7:42 | Queue | Militia |
| 8:01 | Age | Feudal Age |
| 8:04 | Research | Man-at-Arms (upgrade) |
| 8:08 | Queue | Villager (Male) |
| 8:18 | Queue | Villager (Male) |
| 8:31 | Build | House |
| 8:33 | Build | Palisade Wall |
| 8:36 | Build | Farm |
| 8:51 | Queue | Villager (Male) |
| 8:59 | Build | Blacksmith |
| 9:48 | Queue | Villager (Male) |
| 9:50 | Build | Market |
| 10:10 | Build | Palisade Wall |
| 10:12 | Build | Palisade Wall |
| 10:14 | Queue | Villager (Male) |
| 10:22 | Queue | Villager (Male) |
| 10:30 | Build | House |
| 10:35 | Queue | Villager (Male) |
| 10:40 | Queue | Villager (Male) |
| 10:44 | Build | Palisade Wall |
| 10:55 | Research | Castle Age |
| 11:11 | Build | Watch Tower |
| 11:59 | Research | Forging |
| 11:59 | Research | Scale Mail Armor |
| 12:02 | Queue | Villager (Male) |
| 12:10 | Build | House |
| 12:16 | Build | House |
| 12:20 | Build | Farm |
| 12:20 | Build | Farm |
| 12:20 | Build | Farm |
| 12:20 | Build | Farm |
| 12:32 | Queue | Villager (Male) |
| 12:33 | Queue | Villager (Male) |
| 12:51 | Build | Stable |
| 12:56 | Queue | Villager (Male) |
| 12:59 | Build | Farm |
| 13:18 | Build | House |
| 13:24 | Queue | Villager (Male) |
| 13:26 | Queue | Militia |
| 13:26 | Queue | Militia |
| 13:38 | Build | Farm |
| 13:42 | Research | Scale Barding Armor |
| 13:45 | Age | Castle Age |
| 13:52 | Queue | Knight |
| 13:52 | Queue | Knight |
| 13:53 | Queue | Villager (Male) |
| 14:01 | Research | Long Swordsman (upgrade) |
| 14:01 | Research | Long Swordsman (upgrade) |
| 14:20 | Queue | Villager (Male) |
| 14:23 | Build | Farm |
| 14:23 | Build | Farm |
| 14:24 | Build | Farm |
| 14:24 | Build | Farm |
| 14:34 | Research | Squires |
| 14:36 | Queue | Villager (Male) |
| 14:51 | Build | Watch Tower |
| 15:02 | Queue | Villager (Male) |
| 15:09 | Queue | Villager (Male) |
| 15:24 | Queue | Villager (Male) |
| 15:30 | Build | Farm |
| 15:32 | Build | Farm |
| 15:35 | Build | Farm |
| 15:36 | Build | Farm |
| 15:48 | Build | Farm |
| 15:53 | Queue | Villager (Male) |
| 15:56 | Build | Farm |
| 15:57 | Build | Farm |
| 15:57 | Build | Farm |
| 15:57 | Build | Farm |
| 15:57 | Build | Farm |
| 16:09 | Queue | Villager (Male) |
| 16:21 | Build | Castle |
| 16:49 | Queue | Villager (Male) |
| 16:49 | Queue | Villager (Male) |
| 16:55 | Build | House |
| 16:57 | Build | Palisade Wall |
| 16:59 | Build | House |
| 17:15 | Research | Bloodlines |
| 17:31 | Queue | Villager (Male) |
| 17:36 | Queue | Villager (Male) |
| 17:36 | Queue | Villager (Male) |
| 17:55 | Build | Town Center |
| 17:56 | Queue | Villager (Male) |
| 17:56 | Queue | Villager (Male) |
| 18:07 | Queue | Boyar |
| 18:07 | Queue | Boyar |
| 18:29 | Build | Mining Camp |
| 18:35 | Queue | Villager (Male) |
| 18:36 | Queue | Villager (Male) |
| 18:55 | Queue | Villager (Male) |
| 19:07 | Queue | Villager (Male) |
| 19:07 | Queue | Villager (Male) |
| 19:11 | Build | Farm |
| 19:11 | Build | Farm |
| 19:11 | Build | Farm |
| 19:11 | Build | Farm |
| 19:12 | Build | Farm |
| 19:12 | Build | Farm |
| 19:27 | Queue | Boyar |
| 19:27 | Queue | Boyar |
| 19:28 | Queue | Boyar |
| 19:38 | Queue | Villager (Male) |
| 19:47 | Queue | Villager (Male) |
Build order — [TSU] I-am-the-1AW
First 150 of 536 actions detected
| 0:01 | Queue | Villager (Male) ×4 |
| 0:02 | Build | House |
| 0:03 | Build | House |
| 0:07 | Queue | Unit 2550 |
| 0:09 | Queue | Villager (Male) |
| 0:13 | Build | House |
| 0:17 | Research | Loom |
| 0:18 | Queue | Villager (Male) |
| 0:52 | Queue | Villager (Male) |
| 1:04 | Queue | Unit 2550 |
| 1:16 | Queue | Unit 2550 |
| 1:25 | Queue | Unit 2550 |
| 1:46 | Queue | Villager (Male) |
| 1:46 | Queue | Villager (Male) |
| 2:03 | Queue | Villager (Male) |
| 2:27 | Build | Settlement |
| 2:32 | Build | Settlement |
| 2:34 | Queue | Villager (Male) |
| 2:44 | Queue | Unit 2550 |
| 2:44 | Queue | Unit 2550 |
| 2:44 | Queue | Villager (Male) |
| 3:00 | Build | Settlement |
| 3:05 | Queue | Villager (Male) |
| 3:41 | Queue | Villager (Male) |
| 3:41 | Queue | Villager (Male) |
| 3:48 | Queue | Villager (Male) |
| 3:48 | Queue | Villager (Male) |
| 3:48 | Queue | Villager (Male) |
| 3:48 | Queue | Villager (Male) |
| 4:24 | Queue | Villager (Male) |
| 4:28 | Build | Dock |
| 4:36 | Queue | Villager (Male) |
| 4:42 | Queue | Villager (Male) |
| 4:42 | Queue | Villager (Male) |
| 4:46 | Build | Outpost |
| 5:04 | Queue | Unit 2550 |
| 5:09 | Queue | Villager (Male) |
| 5:12 | Queue | Villager (Male) |
| 5:51 | Queue | Villager (Male) |
| 5:54 | Queue | Fishing Ship |
| 5:55 | Queue | Fishing Ship |
| 5:56 | Queue | Villager (Male) |
| 6:02 | Queue | Villager (Male) |
| 7:00 | Queue | Fishing Ship |
| 7:04 | Queue | Villager (Male) |
| 7:09 | Queue | Villager (Male) |
| 7:12 | Build | House |
| 7:16 | Build | Dock |
| 7:21 | Queue | Villager (Male) |
| 7:22 | Build | House |
| 7:24 | Queue | Villager (Male) |
| 7:43 | Queue | Unit 2550 |
| 7:54 | Queue | Unit 2550 |
| 7:57 | Research | Feudal Age |
| 8:00 | Queue | Fishing Ship |
| 8:16 | Queue | Fishing Ship |
| 8:17 | Queue | Villager (Male) |
| 9:09 | Queue | Villager (Male) |
| 9:09 | Queue | Fishing Ship |
| 9:42 | Build | House |
| 9:43 | Build | Palisade Wall |
| 9:45 | Queue | Villager (Male) |
| 9:52 | Queue | Villager (Male) |
| 10:02 | Build | Outpost |
| 10:04 | Queue | Villager (Male) |
| 10:11 | Queue | Villager (Male) |
| 10:13 | Build | House |
| 10:13 | Build | House |
| 10:14 | Build | House |
| 10:14 | Build | House |
| 10:16 | Queue | Villager (Male) |
| 10:17 | Queue | Unit 2550 |
| 10:26 | Age | Feudal Age |
| 10:28 | Build | House |
| 10:37 | Build | Archery Range |
| 10:43 | Research | Tech 1402 |
| 10:57 | Queue | Unit 2550 |
| 11:15 | Build | Gate |
| 11:26 | Queue | Villager (Male) |
| 11:32 | Build | Watch Tower |
| 11:41 | Build | Blacksmith |
| 11:45 | Queue | Villager (Male) |
| 11:54 | Queue | Villager (Male) |
| 12:04 | Queue | Villager (Male) |
| 12:18 | Queue | Villager (Male) |
| 12:44 | Build | Palisade Wall |
| 12:45 | Build | Palisade Wall |
| 12:45 | Build | Palisade Wall |
| 12:46 | Build | Palisade Wall |
| 12:47 | Research | Castle Age |
| 13:00 | Build | Settlement |
| 13:02 | Queue | Villager (Male) |
| 13:09 | Research | Fletching |
| 13:10 | Research | Padded Archer Armor |
| 13:11 | Queue | Villager (Male) |
| 13:17 | Build | Palisade Wall |
| 13:19 | Build | Palisade Wall |
| 13:20 | Build | Palisade Wall |
| 13:20 | Queue | Villager (Male) |
| 13:24 | Queue | Archer |
| 13:24 | Queue | Archer |
| 13:25 | Queue | Villager (Male) |
| 13:44 | Queue | Villager (Male) |
| 13:50 | Build | Stone Wall |
| 13:51 | Queue | Villager (Male) |
| 13:54 | Build | Archery Range |
| 13:56 | Queue | Villager (Male) |
| 14:04 | Queue | Villager (Male) |
| 14:13 | Build | Stone Wall |
| 14:15 | Build | Stone Wall |
| 14:15 | Build | Stone Wall |
| 14:15 | Build | Stone Wall |
| 14:15 | Build | Stone Wall |
| 14:16 | Build | Stone Wall |
| 14:16 | Build | Stone Wall |
| 14:16 | Build | Stone Wall |
| 14:16 | Build | Stone Wall |
| 14:16 | Build | Stone Wall |
| 14:17 | Build | Stone Wall |
| 14:17 | Build | Stone Wall |
| 14:17 | Build | Stone Wall |
| 14:17 | Build | Stone Wall |
| 14:18 | Build | Stone Wall |
| 14:18 | Build | Stone Wall |
| 14:19 | Queue | Villager (Male) |
| 14:21 | Queue | Fishing Ship |
| 14:26 | Build | House |
| 14:27 | Build | House |
| 14:28 | Build | House |
| 14:28 | Queue | Villager (Male) |
| 14:34 | Build | Stone Wall |
| 14:37 | Build | Stone Wall |
| 14:45 | Build | Stone Wall |
| 14:46 | Build | Stone Wall |
| 14:53 | Queue | Villager (Male) |
| 15:07 | Queue | Villager (Male) |
| 15:10 | Build | Stone Wall |
| 15:19 | Build | Archery Range |
| 15:20 | Queue | Villager (Male) |
| 15:32 | Build | Settlement |
| 15:46 | Age | Castle Age |
| 15:49 | Queue | Petard ×5 |
| 16:02 | Build | Stone Wall |
| 16:02 | Build | Stone Wall |
| 16:04 | Build | House |
| 16:07 | Build | House |
| 16:08 | Queue | Villager (Male) |
| 16:09 | Queue | Villager (Male) |
| 16:14 | Build | House |
| 16:33 | Queue | Petard |
Match timeline
| 4:28 | [TSU] I-am-the-1AW · first_building Dock |
| 6:18 | Titanius · wall_segment Palisade Wall x1 |
| 6:29 | Titanius · wall_segment Palisade Wall x1 |
| 6:32 | Titanius · wall_segment Palisade Wall x1 |
| 7:03 | Titanius · wall_segment Palisade Wall x1 |
| 7:04 | Titanius · wall_segment Palisade Wall x1 |
| 7:16 | Titanius · wall_segment Palisade Wall x4 |
| 8:01 | Titanius · age_up feudal |
| 8:33 | Titanius · wall_segment Palisade Wall x1 |
| 9:43 | [TSU] I-am-the-1AW · wall_segment Palisade Wall x3 |
| 10:10 | Titanius · wall_segment Palisade Wall x1 |
| 10:12 | Titanius · wall_segment Palisade Wall x1 |
| 10:26 | [TSU] I-am-the-1AW · age_up feudal |
| 10:37 | [TSU] I-am-the-1AW · first_building Archery Range |
| 10:44 | Titanius · wall_segment Palisade Wall x1 |
| 12:44 | [TSU] I-am-the-1AW · wall_segment Palisade Wall x1 |
| 12:45 | [TSU] I-am-the-1AW · wall_segment Palisade Wall x1 |
| 12:45 | [TSU] I-am-the-1AW · wall_segment Palisade Wall x1 |
| 12:46 | [TSU] I-am-the-1AW · wall_segment Palisade Wall x1 |
| 12:49 | Titanius · first_market_buy 100 wood |
| 12:51 | Titanius · first_building Stable |
| 13:17 | [TSU] I-am-the-1AW · wall_segment Palisade Wall x2 |
| 13:19 | [TSU] I-am-the-1AW · wall_segment Palisade Wall x3 |
| 13:20 | [TSU] I-am-the-1AW · wall_segment Palisade Wall x1 |
| 13:45 | Titanius · age_up castle |
| 13:50 | [TSU] I-am-the-1AW · wall_segment Stone Wall x1 |
| 14:13 | [TSU] I-am-the-1AW · wall_segment Stone Wall x2 |
| 14:15 | [TSU] I-am-the-1AW · wall_segment Stone Wall x2 |
| 14:15 | [TSU] I-am-the-1AW · wall_segment Stone Wall x2 |
| 14:15 | [TSU] I-am-the-1AW · wall_segment Stone Wall x2 |
| 14:15 | [TSU] I-am-the-1AW · wall_segment Stone Wall x1 |
| 14:16 | [TSU] I-am-the-1AW · wall_segment Stone Wall x1 |
| 14:16 | [TSU] I-am-the-1AW · wall_segment Stone Wall x1 |
| 14:16 | [TSU] I-am-the-1AW · wall_segment Stone Wall x1 |
| 14:16 | [TSU] I-am-the-1AW · wall_segment Stone Wall x1 |
| 14:16 | [TSU] I-am-the-1AW · wall_segment Stone Wall x1 |
| 14:17 | [TSU] I-am-the-1AW · wall_segment Stone Wall x1 |
| 14:17 | [TSU] I-am-the-1AW · wall_segment Stone Wall x1 |
| 14:17 | [TSU] I-am-the-1AW · wall_segment Stone Wall x1 |
| 14:17 | [TSU] I-am-the-1AW · wall_segment Stone Wall x1 |
| 14:18 | [TSU] I-am-the-1AW · wall_segment Stone Wall x1 |
| 14:18 | [TSU] I-am-the-1AW · wall_segment Stone Wall x2 |
| 14:34 | [TSU] I-am-the-1AW · wall_segment Stone Wall x1 |
| 14:37 | [TSU] I-am-the-1AW · wall_segment Stone Wall x1 |
| 14:45 | [TSU] I-am-the-1AW · wall_segment Stone Wall x1 |
| 14:46 | [TSU] I-am-the-1AW · wall_segment Stone Wall x1 |
| 15:10 | [TSU] I-am-the-1AW · wall_segment Stone Wall x4 |
| 15:46 | [TSU] I-am-the-1AW · age_up castle |
| 16:02 | [TSU] I-am-the-1AW · wall_segment Stone Wall x1 |
| 16:02 | [TSU] I-am-the-1AW · wall_segment Stone Wall x1 |
| 16:15 | Titanius · first_market_sell 100 food |
| 16:21 | Titanius · first_building Castle |
| 16:57 | Titanius · wall_segment Palisade Wall x1 |
| 21:13 | [TSU] I-am-the-1AW · first_building Monastery |
| 21:16 | [TSU] I-am-the-1AW · wall_segment Stone Wall x1 |
| 21:18 | [TSU] I-am-the-1AW · wall_segment Stone Wall x3 |
| 22:36 | [TSU] I-am-the-1AW · first_market_sell 100 food |
| 22:37 | [TSU] I-am-the-1AW · first_market_buy 100 wood |
| 25:09 | [TSU] I-am-the-1AW · wall_segment Stone Wall x16 |
| 29:09 | Titanius · age_up imperial |
| 31:55 | [TSU] I-am-the-1AW · first_building Siege Workshop |
| 32:56 | [TSU] I-am-the-1AW · wall_segment Stone Wall x1 |
| 32:56 | [TSU] I-am-the-1AW · wall_segment Stone Wall x1 |
| 32:57 | [TSU] I-am-the-1AW · wall_segment Stone Wall x1 |
| 34:51 | Titanius · first_building Siege Workshop |
| 36:39 | [TSU] I-am-the-1AW · first_building Barracks |
| 38:55 | [TSU] I-am-the-1AW · age_up imperial |
| 44:20 | [TSU] I-am-the-1AW · resign |
[ AI ANALYSIS · 1 CREDIT ]
What really happened in this match?
Wolo.gg analyzes every decision: build order, eco, micro, common mistakes by bracket. Personalized analysis on WhatsApp or Discord in 30 seconds.
Civ guide
Slavs
Perfil
Jugador #6283484